 Dungeon Crawl Stone Soup version 0.21-a0-91-ga5031da (console) character file.

49 removed the Ruffian (level 3, 24/26 HPs)
             Began as a Draconian Wanderer on June 28, 2017.
             Was a Believer of Lugonu.
             Quit the game on level 3 of the Dungeon.
             The game lasted 00:03:35 (2868 turns).

removed the Ruffian (Draconian Wanderer)            Turns: 2868, Time: 00:03:36

Health: 24/26      AC:  5    Str: 13    XL:     3   Next: 51%
Magic:  3/3        EV: 11    Int: 14    God:    Lugonu [**....]
Gold:   65         SH:  0    Dex: 10    Spells: 2/2 levels left

rFire    . . .     SeeInvis .     - Unarmed
rCold    . . .     Gourm    .   (no shield)
rNeg     . . .     Faith    .   (armour unavailable)
rPois    .         Spirit   .   (helmet restricted)
rElec    .         Reflect  .   (no cloak)
rCorr    .         Harm     .   (no gloves)
MR       .....                  (no boots)
Stlth    ++........             (no amulet)
HPRegen  0.08/turn              q - ring of stealth
MPRegen  0.08/turn              (no ring)

@: no status effects
A: unfitting armour, cold-blooded, AC +5
a: Depart the Abyss, Bend Space, Renounce Religion


You were on level 3 of the Dungeon.
You worshipped Lugonu.
Lugonu was pleased with you.
You were not hungry.

You visited 1 branch of the dungeon, and saw 3 of its levels.

You collected 65 gold pieces.

Inventory:

Hand Weapons
 e - a +0 club
 o - a +2 dagger of speed
Jewellery
 q - a ring of stealth (left hand)
Scrolls
 l - 4 scrolls of identify {unknown}
 m - a scroll of recharging {unknown}
 n - a scroll of fog {unknown}
 s - 3 scrolls of remove curse {unknown}
Potions
 a - a potion of berserk rage
 b - a potion of haste
 c - a potion of lignification
 g - a potion of agility {unknown}
 i - 2 potions of curing {unknown}
 r - a potion of ambrosia {unknown}
Books
 d - Piacov's Papyrus of Fire

   Spells                             Type                      Level
   a - Flame Tongue                   Conjuration/Fire             1
   b - Ignite Poison                  Fire/Transmutation/Poison    3
Comestibles
 f - a bread ration
 j - a royal jelly
 t - 2 fruits
 u - a chunk of flesh


   Skills:
 - Level 1.0 Dodging
   Level 2.0 Shields
 + Level 4.0 Unarmed Combat
   Level 3.0 Fire Magic
   Level 2.0 Earth Magic


You had 2 spell levels left.
You didn't know any spells.

Dungeon Overview and Level Annotations

Branches:
Dungeon (3/15)

Altars:
Ashenzari
Hepliaklqana
Xom
Lugonu


Innate Abilities, Weirdness & Mutations

Your plain brown scales are hard. (AC +5)
You cannot fit into any form of body armour.
You are cold-blooded and may be slowed by cold attacks.


Message History

You cannot tell which god this altar belongs to.
Convert to them anyway?
Okay, then.
You cannot tell which god this altar belongs to.
Convert to them anyway?
Lugonu accepts your prayer! Lugonu welcomes you!
You can now depart the Abyss.
You can now bend space around yourself.
You enter the shallow water.
Moving in this stuff is going to be slow.
There is a stone staircase leading down here.
You see here a short sword.
Done exploring.
Done exploring.
There is a stone staircase leading down here.
You climb downwards.
A bat and 2 orcs come into view.
Found 11 stones.
There is a stone staircase leading up here.
Quiver which item? (- for none, * to show all) (? for menu, Esc to quit)
Okay, then.
Are you sure you want to abandon this character and quit the game? (Confirm with "yes".)

##.#.#
#...o##
....#o
###....
.....
.b. #.#
#@# #.#
...
##.##
#.# #.#
..# ###


You could see 2 orcs and a bat (sleeping).

Vanquished Creatures
  3 dart slugs
  2 ball pythons
  4 bats (D:1)
  2 giant cockroaches (D:1)
  5 goblins (D:2)
  4 hobgoblins
  4 jackals (D:1)
  6 kobolds
  A quokka (D:2)
  2 frilled lizards (D:1)
  A leopard gecko zombie (D:1)
  A quokka zombie (D:1)
  4 rats
39 creatures vanquished.

Notes
Turn   | Place    | Note
-------+----------+-------------------------------------------
     0 | D:1      | removed the Draconian Wanderer began the quest for the Orb.
     0 | D:1      | removed set off with: a potion of berserk rage, a potion of haste, a potion of lignification, Piacov's Papyrus of Fire, a +0 club, a bread ration
     0 | D:1      | Reached XP level 1. HP: 14/14 MP: 1/1
     0 | D:1      | Identified Piacov's Papyrus of Fire
   621 | D:1      | Reached XP level 2. HP: 18/20 MP: 2/2
   719 | D:1      | Reached skill level 3 in Unarmed Combat
   750 | D:1      | HP: 1/20 [jackal (2)]
  1577 | D:1      | Reached XP level 3. HP: 9/26 MP: 3/3
  2343 | D:2      | Found a shattered altar of Ashenzari.
  2358 | D:2      | Found a shimmering altar of Xom.
  2359 | D:2      | Found a hazy altar of Hepliaklqana.
  2359 | D:2      | Noticed a wyvern
  2360 | D:2      | Noticed a spectral ugly thing
  2360 | D:2      | Noticed a wyvern
  2717 | D:2      | Found a faded altar of an unknown god.
  2761 | D:2      | Reached skill level 4 in Unarmed Combat
  2779 | D:2      | Became a worshipper of Lugonu the Unformed
  2779 | D:2      | Reached * piety under Lugonu
  2779 | D:2      | Reached ** piety under Lugonu
  2868 | D:3      | Quit the game

Vault maps used:
D:1:      saegor_arrival_fortress, lemuel_another_geyser
D:2:      regret_index_temple_of_mockery, overflow_temple_1_default,
          chequers_ecumenical_altar_island
D:3:      first_bread

Skill      XL: |  1  2  3 |
---------------+----------+-----
Unarmed Combat | 3 4 |  4.0
Dodging        | |  1.0
Shields        | |  2.0
Fire Magic     | |  3.0
Earth Magic    | |  2.0

Action                   || total
-------------------------++-------
Melee: Unarmed           ||   178
       Tailslap          ||    10
 Stab: Sleeping          ||     4
  Eat: Chunk             ||     6
Armor: Skin              ||    68
Dodge: Dodged            ||   119
